Workbook
Name acceptable_use_policy: Disclaimer!#REF!
Name general_tc: Disclaimer!$A$61
Name privacy_policy: Disclaimer!$A$136

Sheet Introduction
F5: Harmonised Transparency Template
F7: France
F8: Caisse Française de Financement Local
F9: Reporting Date: 14/11/16
F10: Cut-off Date: 30/09/16
F22: Index
D24: Worksheet A: HTT General | E24: Tab 1: Harmonised Transparency Template
D26: Worksheet B1: HTT Mortgage Assets
D28: Worksheet B2: HTT Public Sector Assets | E28: Tab 1: Harmonised Transparency Template
D30: Worksheet B3: HTT Shipping Assets | E30: Tab 1: Harmonised Transparency Template
D32: Worksheet C: HTT Harmonised Glossary | E32: Tab 1: Harmonised Transparency Template
D34: Covered Bond Label Disclaimer | E34: Tab 1: Harmonised Transparency Template
D36: Worksheet D & Onwards (If Any): National Transparency Template

Sheet A. HTT General
A1: A. Harmonised Transparency Template - General Information
B3: Reporting in Domestic Currency | C3: EUR
B5: CONTENT OF TAB A
B6: 1. Basic Facts
B7: 2. Regulatory Summary
B8: 3. General Cover Pool / Covered Bond Information | F8: `
B9: 4. References to Capital Requirements Regulation (CRR) 129(7)
B10: 5. References to Capital Requirements Regulation (CRR) 129(1)
B11: 6. Other relevant information
A13: Field Number | B13: 1. Basic Facts
A14: G.1.1.1 | B14: Country | C14: France
A15: G.1.1.2 | B15: Issuer Name | C15: Caisse Française de Financement Local
A16: G.1.1.3 | B16: Link to Issuer's Website | C16: www.caffil.fr
A17: G.1.1.4 | B17: Cut-off date | C17: 9/30/2016
A18: OG.1.1.1 | B18: Optional information e.g. Contact names
A19: OG.1.1.2 | B19: Optional information e.g. Parent name
A20: OG.1.1.3
A21: OG.1.1.4
A22: OG.1.1.5
A23: OG.1.1.6
A24: OG.1.1.7
A25: OG.1.1.8
B26: 2. Regulatory Summary
A27: G.2.1.1 | B27: UCITS Compliance (Y/N) | C27: Y
A28: G.2.1.2 | B28: CRR Compliance (Y/N) | C28: Y
A29: G.2.1.3 | B29: LCR status | C29: https://www.coveredbondlabel.com/issuer/47/
A30: OG.2.1.1
A31: OG.2.1.2
A32: OG.2.1.3
A33: OG.2.1.4
A34: OG.2.1.5
A35: OG.2.1.6
B36: 3. General Cover Pool / Covered Bond Information
B37: 1.General Information | C37: Nominal (mn)
A38: G.3.1.1 | B38: Total Cover Assets | C38: 58856.943
A39: G.3.1.2 | B39: Outstanding Covered Bonds | C39: 51054.691
A40: OG.3.1.1 | B40: Cover Pool Size [NPV] (mn) | C40: ND1
A41: OG.3.1.2 | B41: Outstanding Covered Bonds [NPV] (mn) | C41: ND1
A42: OG.3.1.3
A43: OG.3.1.4
B44: 2. Over-collateralisation (OC) | C44: Legal / Regulatory | D44: Actual | F44: Minimum Committed | G44: Purpose
A45: G.3.2.1 | B45: OC (%) | C45: 1.1217347 | D45: 1.1265239 | F45: 1.05 | G45: ND1
A46: OG.3.2.1 | B46: Optional information e.g. Asset Coverage Test (ACT)
A47: OG.3.2.2 | B47: Optional information e.g. OC (NPV basis)
A48: OG.3.2.3
A49: OG.3.2.4
A50: OG.3.2.5
A51: OG.3.2.6
B52: 3. Cover Pool Composition | C52: Nominal (mn) | F52: % Cover Pool
A53: G.3.3.1 | B53: Mortgages | C53: 0 | F53: =IF($C$58=0,"",IF(C53="[for completion]","",C53/$C$58)) -> 0
A54: G.3.3.2 | B54: Public Sector | C54: 57938.695 | F54: =IF($C$58=0,"",IF(C54="[for completion]","",C54/$C$58)) -> 0.98439865
A55: G.3.3.3 | B55: Shipping | C55: 0 | F55: =IF($C$58=0,"",IF(C55="[for completion]","",C55/$C$58)) -> 0
A56: G.3.3.4 | B56: Substitute Assets | C56: 918.248 | F56: =IF($C$58=0,"",IF(C56="[for completion]","",C56/$C$58)) -> 0.015601354
A57: G.3.3.5 | B57: Other | C57: 0 | F57: =IF($C$58=0,"",IF(C57="[for completion]","",C57/$C$58)) -> 0
A58: G.3.3.6 | B58: Total | C58: =SUM(C53:C57) -> 58856.943 | F58: =SUM(F53:F57) -> 1
A59: OG.3.3.1 | B59: o/w [If relevant, please specify] | F59: =IF($C$58=0,"",IF(C59="[for completion]","",C59/$C$58)) -> 0
A60: OG.3.3.2 | B60: o/w [If relevant, please specify] | F60: =IF($C$58=0,"",IF(C60="[for completion]","",C60/$C$58)) -> 0
A61: OG.3.3.3 | B61: o/w [If relevant, please specify] | F61: =IF($C$58=0,"",IF(C61="[for completion]","",C61/$C$58)) -> 0
A62: OG.3.3.4 | B62: o/w [If relevant, please specify] | F62: =IF($C$58=0,"",IF(C62="[for completion]","",C62/$C$58)) -> 0
A63: OG.3.3.5 | B63: o/w [If relevant, please specify] | F63: =IF($C$58=0,"",IF(C63="[for completion]","",C63/$C$58)) -> 0
A64: OG.3.3.6 | B64: o/w [If relevant, please specify] | F64: =IF($C$58=0,"",IF(C64="[for completion]","",C64/$C$58)) -> 0
B65: 4. Cover Pool Amortisation Profile | C65: Contractual (mn) | D65: Expected Upon Prepayments (mn) | F65: % Total Contractual | G65: % Total Expected Upon Prepayments
A66: G.3.4.1 | B66: Weighted Average life (in years) | C66: 7.7834442 | D66: ND1
B68: Residual Life (mn)
B69: By buckets:
A70: G.3.4.2 | B70: 0 - 1 Y | C70: 8395.302 | D70: ND1 | F70: =IF($C$77=0,"",IF(C70="[for completion]","",C70/$C$77)) -> 0.14263911 | G70: =IF($D$77=0,"",IF(D70="[Mark as ND1 if not relevant]","",D70/$D$77))
A71: G.3.4.3 | B71: 1 - 2 Y | C71: 4365.5843 | D71: ND1 | F71: =IF($C$77=0,"",IF(C71="[for completion]","",C71/$C$77)) -> 0.074172801 | G71: =IF($D$77=0,"",IF(D71="[Mark as ND1 if not relevant]","",D71/$D$77))
A72: G.3.4.4 | B72: 2 - 3 Y | C72: 3885.9523 | D72: ND1 | F72: =IF($C$77=0,"",IF(C72="[for completion]","",C72/$C$77)) -> 0.066023686 | G72: =IF($D$77=0,"",IF(D72="[Mark as ND1 if not relevant]","",D72/$D$77))
A73: G.3.4.5 | B73: 3 - 4 Y | C73: 3891.6331 | D73: ND1 | F73: =IF($C$77=0,"",IF(C73="[for completion]","",C73/$C$77)) -> 0.066120204 | G73: =IF($D$77=0,"",IF(D73="[Mark as ND1 if not relevant]","",D73/$D$77))
A74: G.3.4.6 | B74: 4 - 5 Y | C74: 3682.2082 | D74: ND1 | F74: =IF($C$77=0,"",IF(C74="[for completion]","",C74/$C$77)) -> 0.062562002 | G74: =IF($D$77=0,"",IF(D74="[Mark as ND1 if not relevant]","",D74/$D$77))
A75: G.3.4.7 | B75: 5 - 10 Y | C75: 15883.064 | D75: ND1 | F75: =IF($C$77=0,"",IF(C75="[for completion]","",C75/$C$77)) -> 0.26985879 | G75: =IF($D$77=0,"",IF(D75="[Mark as ND1 if not relevant]","",D75/$D$77))
A76: G.3.4.8 | B76: 10+ Y | C76: 18753.199 | D76: ND1 | F76: =IF($C$77=0,"",IF(C76="[for completion]","",C76/$C$77)) -> 0.3186234 | G76: =IF($D$77=0,"",IF(D76="[Mark as ND1 if not relevant]","",D76/$D$77))
A77: G.3.4.9 | B77: Total | C77: =SUM(C70:C76) -> 58856.943 | F77: =SUM(F70:F76) -> 1
A78: OG.3.4.1 | B78: o/w 0-1 day | C78: 3707.7355 | F78: =IF($C$77=0,"",IF(C78="[for completion]","",C78/$C$77)) -> 0.062995721 | G78: =IF($D$77=0,"",IF(D78="[for completion]","",D78/$D$77))
A79: OG.3.4.2 | B79: o/w 0-0.5y | C79: 6186.4502 | F79: =IF($C$77=0,"",IF(C79="[for completion]","",C79/$C$77)) -> 0.10510995 | G79: =IF($D$77=0,"",IF(D79="[for completion]","",D79/$D$77))
A80: OG.3.4.3 | B80: o/w 0.5-1 y | C80: 2208.8517 | F80: =IF($C$77=0,"",IF(C80="[for completion]","",C80/$C$77)) -> 0.037529161 | G80: =IF($D$77=0,"",IF(D80="[for completion]","",D80/$D$77))
A81: OG.3.4.4 | B81: o/w 1-1.5y | C81: 2429.4967 | F81: =IF($C$77=0,"",IF(C81="[for completion]","",C81/$C$77)) -> 0.041277997 | G81: =IF($D$77=0,"",IF(D81="[for completion]","",D81/$D$77))
A82: OG.3.4.5 | B82: o/w 1.5-2 y | C82: 1936.0876 | F82: =IF($C$77=0,"",IF(C82="[for completion]","",C82/$C$77)) -> 0.032894804 | G82: =IF($D$77=0,"",IF(D82="[for completion]","",D82/$D$77))
A83: OG.3.4.6
A84: OG.3.4.7
A85: OG.3.4.8
A86: OG.3.4.9 | F86: =IF($C$77=0,"",IF(C86="[for completion]","",C86/$C$77)) -> 0 | G86: =IF($D$77=0,"",IF(D86="[for completion]","",D86/$D$77))
A87: OG.3.4.10 | F87: =IF($C$77=0,"",IF(C87="[for completion]","",C87/$C$77)) -> 0 | G87: =IF($D$77=0,"",IF(D87="[for completion]","",D87/$D$77))
B88: 5. Maturity of Covered Bonds | C88: Initial Maturity (mn) | D88: Extended Maturity (mn) | F88: % Total Initial Maturity | G88: % Total Extended Maturity
A89: G.3.5.1 | B89: Weighted Average life (in years) | C89: ='[1]12 Sensi -duration DVM (2)'!$K$127 -> 6.4705356 | D89: ND1
B91: Maturity (mn)
A92: G.3.5.2 | B92: By buckets:
A93: G.3.5.3 | B93: 0 - 1 Y | C93: 6471.8304 | D93: ND1 | F93: =IF($C$100=0,"",IF(C93="[for completion]","",C93/$C$100)) -> 0.1267627 | G93: =IF($D$100=0,"",IF(D93="[Mark as ND1 if not relevant]","",D93/$D$100))
A94: G.3.5.4 | B94: 1 - 2 Y | C94: 5365.5794 | D94: ND1 | F94: =IF($C$100=0,"",IF(C94="[for completion]","",C94/$C$100)) -> 0.10509474 | G94: =IF($D$100=0,"",IF(D94="[Mark as ND1 if not relevant]","",D94/$D$100))
A95: G.3.5.5 | B95: 2 - 3 Y | C95: 4273.0183 | D95: ND1 | F95: =IF($C$100=0,"",IF(C95="[for completion]","",C95/$C$100)) -> 0.08369492 | G95: =IF($D$100=0,"",IF(D95="[Mark as ND1 if not relevant]","",D95/$D$100))
A96: G.3.5.6 | B96: 3 - 4 Y | C96: 4514.2462 | D96: ND1 | F96: =IF($C$100=0,"",IF(C96="[for completion]","",C96/$C$100)) -> 0.088419812 | G96: =IF($D$100=0,"",IF(D96="[Mark as ND1 if not relevant]","",D96/$D$100))
A97: G.3.5.7 | B97: 4 - 5 Y | C97: 4660.4103 | D97: ND1 | F97: =IF($C$100=0,"",IF(C97="[for completion]","",C97/$C$100)) -> 0.091282705 | G97: =IF($D$100=0,"",IF(D97="[Mark as ND1 if not relevant]","",D97/$D$100))
A98: G.3.5.8 | B98: 5 - 10 Y | C98: 17097.452 | D98: ND1 | F98: =IF($C$100=0,"",IF(C98="[for completion]","",C98/$C$100)) -> 0.33488503 | G98: =IF($D$100=0,"",IF(D98="[Mark as ND1 if not relevant]","",D98/$D$100))
A99: G.3.5.9 | B99: 10+ Y | C99: 8672.1548 | D99: ND1 | F99: =IF($C$100=0,"",IF(C99="[for completion]","",C99/$C$100)) -> 0.1698601 | G99: =IF($D$100=0,"",IF(D99="[Mark as ND1 if not relevant]","",D99/$D$100))
A100: G.3.5.10 | B100: Total | C100: =SUM(C93:C99) -> 51054.691 | D100: =SUM(D93:D99) -> 0 | F100: =SUM(F93:F99) -> 1 | G100: =SUM(G93:G99) -> 0
A101: OG.3.5.1 | B101: o/w 0-1 day | C101: 0 | F101: =IF($C$100=0,"",IF(C101="[for completion]","",C101/$C$100)) -> 0 | G101: =IF($D$100=0,"",IF(D101="[for completion]","",D101/$D$100))
A102: OG.3.5.2 | B102: o/w 0-0.5y | C102: 3546.5675 | F102: =IF($C$100=0,"",IF(C102="[for completion]","",C102/$C$100)) -> 0.069466047 | G102: =IF($D$100=0,"",IF(D102="[for completion]","",D102/$D$100))
A103: OG.3.5.3 | B103: o/w 0.5-1 y | C103: 2925.2629 | F103: =IF($C$100=0,"",IF(C103="[for completion]","",C103/$C$100)) -> 0.057296653 | G103: =IF($D$100=0,"",IF(D103="[for completion]","",D103/$D$100))
A104: OG.3.5.4 | B104: o/w 1-1.5y | C104: 3515.6708 | F104: =IF($C$100=0,"",IF(C104="[for completion]","",C104/$C$100)) -> 0.068860876 | G104: =IF($D$100=0,"",IF(D104="[for completion]","",D104/$D$100))
A105: OG.3.5.5 | B105: o/w 1.5-2 y | C105: 1849.9086 | F105: =IF($C$100=0,"",IF(C105="[for completion]","",C105/$C$100)) -> 0.036233862 | G105: =IF($D$100=0,"",IF(D105="[for completion]","",D105/$D$100))
...

Sheet B1. HTT Mortgage Assets
A1: B1. Harmonised Transparency Template - Mortgage Assets | F1: Legend
B3: Reporting in Domestic Currency | C3: [Please insert currency]
B5: CONTENT OF TAB B1
B6: 7. Mortgage Assets
B7: 7.A Residential Cover Pool
B8: 7.B Commercial Cover Pool
A10: Field Number | B10: 7. Mortgage Assets
B11: 1. Property Type Information | C11: Nominal (mn) | F11: % Total Mortgages
A12: M.7.1.1 | B12: Residential | C12: [For completion] | F12: =IF($C$15=0,"",IF(C12="[for completion]","",C12/$C$15))
A13: M.7.1.2 | B13: Commercial | C13: [For completion] | F13: =IF($C$15=0,"",IF(C13="[for completion]","",C13/$C$15))
A14: M.7.1.3 | B14: Other | C14: [For completion] | F14: =IF($C$15=0,"",IF(C14="[for completion]","",C14/$C$15))
A15: M.7.1.4 | B15: Total | C15: =SUM(C12:C14) -> 0 | F15: =SUM(F12:F14) -> 0
A16: OM.7.1.1 | B16: o/w Housing Cooperatives / Multi-family assets | F16: =IF($C$15=0,"",IF(C16="[for completion]","",C16/$C$15))
A17: OM.7.1.2 | B17: o/w Forest & Agriculture | F17: =IF($C$15=0,"",IF(C17="[for completion]","",C17/$C$15))
A18: OM.7.1.3 | B18: o/w [If relevant, please specify] | F18: =IF($C$15=0,"",IF(C18="[for completion]","",C18/$C$15))
A19: OM.7.1.4 | B19: o/w [If relevant, please specify] | F19: =IF($C$15=0,"",IF(C19="[for completion]","",C19/$C$15))
A20: OM.7.1.5 | B20: o/w [If relevant, please specify] | F20: =IF($C$15=0,"",IF(C20="[for completion]","",C20/$C$15))
A21: OM.7.1.6 | B21: o/w [If relevant, please specify] | F21: =IF($C$15=0,"",IF(C21="[for completion]","",C21/$C$15))
A22: OM.7.1.7 | B22: o/w [If relevant, please specify] | F22: =IF($C$15=0,"",IF(C22="[for completion]","",C22/$C$15))
A23: OM.7.1.8 | B23: o/w [If relevant, please specify] | F23: =IF($C$15=0,"",IF(C23="[for completion]","",C23/$C$15))
A24: OM.7.1.9 | B24: o/w [If relevant, please specify] | F24: =IF($C$15=0,"",IF(C24="[for completion]","",C24/$C$15))
A25: OM.7.1.10 | B25: o/w [If relevant, please specify] | F25: =IF($C$15=0,"",IF(C25="[for completion]","",C25/$C$15))
A26: OM.7.1.11 | B26: o/w [If relevant, please specify] | F26: =IF($C$15=0,"",IF(C26="[for completion]","",C26/$C$15))
B27: 2. General Information | C27: Residential Loans | D27: Commercial Loans | F27: Total Mortgages
A28: M.7.2.1 | B28: Number of mortgage loans | C28: [For completion] | D28: [For completion] | F28: [For completion]
A29: OM.7.2.1 | B29: Optional information eg, Number of borrowers
A30: OM.7.2.2 | B30: Optional information eg, Number of guarantors
A31: OM.7.2.3
A32: OM.7.2.4
A33: OM.7.2.5
A34: OM.7.2.6
B35: 3. Concentration Risks | C35: % Residential Loans | D35: % Commercial Loans | F35: % Total Mortgages
A36: M.7.3.1 | B36: 10 largest exposures | C36: [For completion] | D36: [For completion] | F36: [For completion]
A37: OM.7.3.1
A38: OM.7.3.2
A39: OM.7.3.3
A40: OM.7.3.4
A41: OM.7.3.5
A42: OM.7.3.6
B43: 4. Breakdown by Geography | C43: % Residential Loans | D43: % Commercial Loans | F43: % Total Mortgages
A44: M.7.4.1 | B44: European Union | C44: =SUM(C45:C72) -> 0 | D44: =SUM(D45:D72) -> 0 | F44: =SUM(F45:F72) -> 0
A45: M.7.4.2 | B45: Austria | C45: [For completion] | D45: [For completion] | F45: [For completion]
A46: M.7.4.3 | B46: Belgium | C46: [For completion] | D46: [For completion] | F46: [For completion]
A47: M.7.4.4 | B47: Bulgaria | C47: [For completion] | D47: [For completion] | F47: [For completion]
A48: M.7.4.5 | B48: Croatia | C48: [For completion] | D48: [For completion] | F48: [For completion]
A49: M.7.4.6 | B49: Cyprus | C49: [For completion] | D49: [For completion] | F49: [For completion]
A50: M.7.4.7 | B50: Czech Republic | C50: [For completion] | D50: [For completion] | F50: [For completion]
A51: M.7.4.8 | B51: Denmark | C51: [For completion] | D51: [For completion] | F51: [For completion]
A52: M.7.4.9 | B52: Estonia | C52: [For completion] | D52: [For completion] | F52: [For completion]
A53: M.7.4.10 | B53: Finland | C53: [For completion] | D53: [For completion] | F53: [For completion]
A54: M.7.4.11 | B54: France | C54: [For completion] | D54: [For completion] | F54: [For completion]
A55: M.7.4.12 | B55: Germany | C55: [For completion] | D55: [For completion] | F55: [For completion]
A56: M.7.4.13 | B56: Greece | C56: [For completion] | D56: [For completion] | F56: [For completion]
... A72: M.7.4.29 | B72: United Kingdom | C72: [For completion] | D72: [For completion] | F72: [For completion]
A73: M.7.4.30 | B73: European Economic Area (not member of EU) | C73: =SUM(C74:C76) -> 0 | D73: =SUM(D74:D76) -> 0 | F73: =SUM(F74:F76) -> 0
A74: M.7.4.31 | B74: Iceland | C74: [For completion] | D74: [For completion] | F74: [For completion]
A75: M.7.4.32 | B75: Liechtenstein | C75: [For completion] | D75: [For completion] | F75: [For completion]
A76: M.7.4.33 | B76: Norway | C76: [For completion] | D76: [For completion] | F76: [For completion]
A77: M.7.4.34 | B77: Other | C77: =SUM(C78:C87) -> 0 | D77: =SUM(D78:D87) -> 0 | F77: =SUM(F78:F87) -> 0
A78: M.7.4.35 | B78: Switzerland | C78: [For completion] | D78: [For completion] | F78: [For completion]
A79: M.7.4.36 | B79: Australia | C79: [For completion] | D79: [For completion] | F79: [For completion]
A80: M.7.4.37 | B80: Brazil | C80: [For completion] | D80: [For completion] | F80: [For completion]
A81: M.7.4.38 | B81: Canada | C81: [For completion] | D81: [For completion] | F81: [For completion]
A82: M.7.4.39 | B82: Japan | C82: [For completion] | D82: [For completion] | F82: [For completion]
A83: M.7.4.40 | B83: Korea | C83: [For completion] | D83: [For completion] | F83: [For completion]
A84: M.7.4.41 | B84: New Zealand | C84: [For completion] | D84: [For completion] | F84: [For completion]
A85: M.7.4.42 | B85: Singapore | C85: [For completion] | D85: [For completion] | F85: [For completion]
A86: M.7.4.43 | B86: US | C86: [For completion] | D86: [For completion] | F86: [For completion]
A87: M.7.4.44 | B87: Other | C87: [For completion] | D87: [For completion] | F87: [For completion]
A88: OM.7.4.1 | B88: o/w [If relevant, please specify]
A89: OM.7.4.2 | B89: o/w [If relevant, please specify]
A90: OM.7.4.3 | B90: o/w [If relevant, please specify]
A91: OM.7.4.4 | B91: o/w [If relevant, please specify]
A92: OM.7.4.5 | B92: o/w [If relevant, please specify]
A93: OM.7.4.6 | B93: o/w [If relevant, please specify]
A94: OM.7.4.7 | B94: o/w [If relevant, please specify]
A95: OM.7.4.8 | B95: o/w [If relevant, please specify]
A96: OM.7.4.9 | B96: o/w [If relevant, please specify]
A97: OM.7.4.10 | B97: o/w [If relevant, please specify]
B98: 5. Breakdown by domestic regions | C98: % Residential Loans | D98: % Commercial Loans | F98: % Total Mortgages
A99: M.7.5.1 | B99: TBC at a country level | C99: [For completion] | D99: [For completion] | F99: [For completion]
A100: M.7.5.2 | B100: TBC at a country level | C100: [For completion] | D100: [For completion] | F100: [For completion]
A101: M.7.5.3 | B101: TBC at a country level | C101: [For completion] | D101: [For completion] | F101: [For completion]
A102: M.7.5.4 | B102: TBC at a country level | C102: [For completion] | D102: [For completion] | F102: [For completion]
A103: M.7.5.5 | B103: TBC at a country level | C103: [For completion] | D103: [For completion] | F103: [For completion]
A104: M.7.5.6 | B104: TBC at a country level | C104: [For completion] | D104: [For completion] | F104: [For completion]
A105: M.7.5.7 | B105: TBC at a country level | C105: [For completion] | D105: [For completion] | F105: [For completion]
A106: M.7.5.8 | B106: TBC at a country level | C106: [For completion] | D106: [For completion] | F106: [For completion]
A107: M.7.5.9 | B107: TBC at a country level | C107: [For completion] | D107: [For completion] | F107: [For completion]
A108: M.7.5.10 | B108: TBC at a country level | C108: [For completion] | D108: [For completion] | F108: [For completion]
A109: M.7.5.11 | B109: TBC at a country level | C109: [For completion] | D109: [For completion] | F109: [For completion]
A110: M.7.5.12 | B110: TBC at a country level | C110: [For completion] | D110: [For completion] | F110: [For completion]
... A129: M.7.5.31 | B129: TBC at a country level | C129: [For completion] | D129: [For completion] | F129: [For completion]
B130: 6. Breakdown by Interest Rate | C130: % Residential Loans | D130: % Commercial Loans | F130: % Total Mortgages
A131: M.7.6.1 | B131: Fixed rate | C131: [For completion] | D131: [For completion] | F131: [For completion]
A132: M.7.6.2 | B132: Floating rate | C132: [For completion] | D132: [For completion] | F132: [For completion]
A133: M.7.6.3 | B133: Other | C133: [For completion] | D133: [For completion] | F133: [For completion]
A134: OM.7.6.1
A135: OM.7.6.2
A136: OM.7.6.3
...

Sheet B2. HTT Public Sector Assets
A1: B2. Harmonised Transparency Template - Public Sector Assets
B3: Reporting in Domestic Currency | C3: EUR
B5: CONTENT OF TAB B2
B6: 8. Public Sector Assets
A8: Field Number | B8: 8. Public Sector Assets
B9: 1. General Information
A10: PS.8.1.1 | B10: Number of public sector exposures | C10: 49346
A11: OPS.8.1.1 | B11: Optional information eg, Number of borrowers
A12: OPS.8.1.2 | B12: Optional information eg, Number of guarantors
A13: OPS.8.1.3
A14: OPS.8.1.4
A15: OPS.8.1.5
A16: OPS.8.1.6
A17: OPS.8.1.7
B18: 2. Size Information | C18: Nominal | D18: Number of Exposures | F18: % Public Sector Assets | G18: % No. of Exposures
A19: PS.8.2.1 | B19: Average exposure size (000s) | C19: 1103177.1
B21: By buckets (mn):
A22: PS.8.2.2 | B22: 0-500k€ | C22: 4558.1208 | D22: 36693 | F22: =IF($C$37=0,"",IF(C22="[for completion]","",C22/$C$37)) -> 0.083731459 | G22: =IF($D$37=0,"",IF(D22="[for completion]","",D22/$D$37)) -> 0.74358611
A23: PS.8.2.3 | B23: 500-1M€ | C23: 2963.9986 | D23: 4165 | F23: =IF($C$37=0,"",IF(C23="[for completion]","",C23/$C$37)) -> 0.05444786 | G23: =IF($D$37=0,"",IF(D23="[for completion]","",D23/$D$37)) -> 0.084404004
A24: PS.8.2.4 | B24: 1M-5M€ | C24: 14765.274 | D24: 6448 | F24: =IF($C$37=0,"",IF(C24="[for completion]","",C24/$C$37)) -> 0.27123412 | G24: =IF($D$37=0,"",IF(D24="[for completion]","",D24/$D$37)) -> 0.13066915
A25: PS.8.2.5 | B25: 5M-10M€ | C25: 8224.9526 | D25: 1163 | F25: =IF($C$37=0,"",IF(C25="[for completion]","",C25/$C$37)) -> 0.15109018 | G25: =IF($D$37=0,"",IF(D25="[for completion]","",D25/$D$37)) -> 0.023568273
A26: PS.8.2.6 | B26: 10M-50M€ | C26: 15119.19 | D26: 793 | F26: =IF($C$37=0,"",IF(C26="[for completion]","",C26/$C$37)) -> 0.27773547 | G26: =IF($D$37=0,"",IF(D26="[for completion]","",D26/$D$37)) -> 0.016070198
A27: PS.8.2.7 | B27: 50M-100M€ | C27: 3959.4124 | D27: 58 | F27: =IF($C$37=0,"",IF(C27="[for completion]","",C27/$C$37)) -> 0.072733346 | G27: =IF($D$37=0,"",IF(D27="[for completion]","",D27/$D$37)) -> 0.0011753739
A28: PS.8.2.8 | B28: >100M€ | C28: 4846.427 | D28: 26 | F28: =IF($C$37=0,"",IF(C28="[for completion]","",C28/$C$37)) -> 0.089027566 | G28: =IF($D$37=0,"",IF(D28="[for completion]","",D28/$D$37)) -> 0.00052689174
A29: PS.8.2.9 | B29: TBC at a country level | C29: [For completion] | D29: [For completion] | F29: =IF($C$37=0,"",IF(C29="[for completion]","",C29/$C$37)) | G29: =IF($D$37=0,"",IF(D29="[for completion]","",D29/$D$37))
A30: PS.8.2.10 | B30: TBC at a country level | C30: [For completion] | D30: [For completion] | F30: =IF($C$37=0,"",IF(C30="[for completion]","",C30/$C$37)) | G30: =IF($D$37=0,"",IF(D30="[for completion]","",D30/$D$37))
A31: PS.8.2.11 | B31: TBC at a country level | C31: [For completion] | D31: [For completion] | F31: =IF($C$37=0,"",IF(C31="[for completion]","",C31/$C$37)) | G31: =IF($D$37=0,"",IF(D31="[for completion]","",D31/$D$37))
A32: PS.8.2.12 | B32: TBC at a country level | C32: [For completion] | D32: [For completion] | F32: =IF($C$37=0,"",IF(C32="[for completion]","",C32/$C$37)) | G32: =IF($D$37=0,"",IF(D32="[for completion]","",D32/$D$37))
A33: PS.8.2.13 | B33: TBC at a country level | C33: [For completion] | D33: [For completion] | F33: =IF($C$37=0,"",IF(C33="[for completion]","",C33/$C$37)) | G33: =IF($D$37=0,"",IF(D33="[for completion]","",D33/$D$37))
A34: PS.8.2.14 | B34: TBC at a country level | C34: [For completion] | D34: [For completion] | F34: =IF($C$37=0,"",IF(C34="[for completion]","",C34/$C$37)) | G34: =IF($D$37=0,"",IF(D34="[for completion]","",D34/$D$37))
A35: PS.8.2.15 | B35: TBC at a country level | C35: [For completion] | D35: [For completion] | F35: =IF($C$37=0,"",IF(C35="[for completion]","",C35/$C$37)) | G35: =IF($D$37=0,"",IF(D35="[for completion]","",D35/$D$37))
A36: PS.8.2.16 | B36: TBC at a country level | C36: [For completion] | D36: [For completion] | F36: =IF($C$37=0,"",IF(C36="[for completion]","",C36/$C$37)) | G36: =IF($D$37=0,"",IF(D36="[for completion]","",D36/$D$37))
A37: PS.8.2.17 | B37: Total | C37: =SUM(C22:C36) -> 54437.375 | D37: =SUM(D22:D36) -> 49346 | F37: =SUM(F22:F36) -> 1 | G37: =SUM(G22:G36) -> 1
B38: 3. Breakdown by Asset Type | C38: Nominal (mn) | F38: % Public Sector Assets
A39: PS.8.3.1 | B39: Loans | C39: 47553.334 | F39: =IF($C$42=0,"",IF(C39="[for completion]","",C39/$C$42)) -> 0.87354201
A40: PS.8.3.2 | B40: Bonds | C40: 6884.041 | F40: =IF($C$42=0,"",IF(C40="[for completion]","",C40/$C$42)) -> 0.12645799
A41: PS.8.3.3 | B41: Other | C41: 0 | F41: =IF($C$42=0,"",IF(C41="[for completion]","",C41/$C$42)) -> 0
A42: PS.8.3.4 | B42: Total | C42: =SUM(C39:C41) -> 54437.375 | F42: =SUM(F39:F41) -> 1
A43: OPS.8.3.1
A44: OPS.8.3.2
A45: OPS.8.3.3
A46: OPS.8.3.4
A47: OPS.8.3.5
B48: 4. Breakdown by Geography | C48: % Public Sector Assets
A49: PS.8.4.1 | B49: European Union | C49: =SUM(C50:C77) -> 52650.315
A50: PS.8.4.2 | B50: Austria | C50: 191.575
A51: PS.8.4.3 | B51: Belgium | C51: 158.394
A52: PS.8.4.4 | B52: Bulgaria | C52: 0
A53: PS.8.4.5 | B53: Croatia | C53: 0
A54: PS.8.4.6 | B54: Cyprus | C54: 0
A55: PS.8.4.7 | B55: Czech Republic | C55: 0
A56: PS.8.4.8 | B56: Denmark | C56: 0
A57: PS.8.4.9 | B57: Estonia | C57: 0
A58: PS.8.4.10 | B58: Finland | C58: 0.05
A59: PS.8.4.11 | B59: France | C59: 45764.334
A60: PS.8.4.12 | B60: Germany | C60: 514.974
A61: PS.8.4.13 | B61: Greece | C61: 0
... A77: PS.8.4.29 | B77: United Kingdom | C77: 341.057
A78: PS.8.4.30 | B78: European Economic Area (not member of EU) | C78: =SUM(C79:C81) -> 0
A79: PS.8.4.31 | B79: Iceland | C79: 0
A80: PS.8.4.32 | B80: Liechtenstein | C80: 0
A81: PS.8.4.33 | B81: Norway | C81: 0
A82: PS.8.4.34 | B82: Other | C82: =SUM(C83:C92) -> 1787.06
A83: PS.8.4.35 | B83: Switzerland | C83: 1188.257
A84: PS.8.4.36 | B84: Australia | C84: 0
A85: PS.8.4.37 | B85: Brazil | C85: 0
A86: PS.8.4.38 | B86: Canada | C86: 322.601
A87: PS.8.4.39 | B87: Japan | C87: 25
A88: PS.8.4.40 | B88: Korea | C88: 0
A89: PS.8.4.41 | B89: New Zealand | C89: 0
A90: PS.8.4.42 | B90: Singapore | C90: 0
A91: PS.8.4.43 | B91: US | C91: 251.202
A92: PS.8.4.44 | B92: Other | C92: 0
A93: OPS.8.4.1 | B93: o/w [If relevant, please specify]
A94: OPS.8.4.2 | B94: o/w [If relevant, please specify]
A95: OPS.8.4.3 | B95: o/w [If relevant, please specify]
A96: OPS.8.4.4 | B96: o/w [If relevant, please specify]
A97: OPS.8.4.5 | B97: o/w [If relevant, please specify]
A98: OPS.8.4.6 | B98: o/w [If relevant, please specify]
A99: OPS.8.4.7 | B99: o/w [If relevant, please specify]
A100: OPS.8.4.8 | B100: o/w [If relevant, please specify]
A101: OPS.8.4.9 | B101: o/w [If relevant, please specify]
A102: OPS.8.4.10 | B102: o/w [If relevant, please specify]
B103: 5. Breakdown by domestic regions | C103: % Public Sector Assets
A104: PS.8.5.1 | B104: Alsace-Champagne-Ardenne-Lorraine | C104: 0.054583176
A105: PS.8.5.2 | B105: Aquitaine-Limousin-Poitou-Charentes | C105: 0.056217926
A106: PS.8.5.3 | B106: Auvergne-Rhône-Alpes | C106: 0.12301954
A107: PS.8.5.4 | B107: Bourgogne-Franche-Comté | C107: 0.033695481
A108: PS.8.5.5 | B108: Bretagne | C108: 0.036655809
A109: PS.8.5.6 | B109: Centre-Val de Loire | C109: 0.02030608
A110: PS.8.5.7 | B110: Corse | C110: 0.0091628702
A111: PS.8.5.8 | B111: Île-de-France | C111: 0.162801
A112: PS.8.5.9 | B112: Languedoc-Roussillon-Midi-Pyrénées | C112: 0.070670874
A113: PS.8.5.10 | B113: Nord-Pas-de-Calais-Picardie | C113: 0.087924309
A114: PS.8.5.11 | B114: Normandie | C114: 0.035757135
A115: PS.8.5.12 | B115: Pays de la Loire | C115: 0.042521876
... A117: PS.8.5.14 | B117: Dom-Tom | C117: 0.019407059
A118: PS.8.5.15
A119: PS.8.5.16
A120: PS.8.5.17
...

Sheet B3. HTT Shipping Assets
A1: B3. Harmonised Transparency Template - Shipping Assets
B3: Reporting in Domestic Currency | C3: [Please insert currency]
B5: CONTENT OF TAB B3
B6: 9. Shipping Assets
A8: Field Number | B8: 9. Shipping Assets
B9: 1. General Information | C9: Shipping Loans
A10: S.9.1.1 | B10: Number of shipping loans | C10: [For completion]
A11: OS.9.1.1 | B11: Optional information eg, Number of borrowers
A12: OS.9.1.2 | B12: Optional information eg, Number of guarantors
A13: OS.9.1.3
A14: OS.9.1.4
A15: OS.9.1.5
A16: OS.9.1.6
B17: 2. Concentration Risks | C17: % Shipping Loans
A18: S.9.2.1 | B18: 10 largest exposures | C18: [For completion]
A19: OS.9.2.1
A20: OS.9.2.2
A21: OS.9.2.3
A22: OS.9.2.4
A23: OS.9.2.5
A24: OS.9.2.6
B25: 3. Breakdown by Geography / Country of Registration | C25: % Shipping Loans
A26: S.9.3.1 | B26: European Union | C26: =SUM(C27:C54) -> 0
A27: S.9.3.2 | B27: Austria | C27: [For completion]
A28: S.9.3.3 | B28: Belgium | C28: [For completion]
A29: S.9.3.4 | B29: Bulgaria | C29: [For completion]
A30: S.9.3.5 | B30: Croatia | C30: [For completion]
A31: S.9.3.6 | B31: Cyprus | C31: [For completion]
A32: S.9.3.7 | B32: Czech Republic | C32: [For completion]
A33: S.9.3.8 | B33: Denmark | C33: [For completion]
A34: S.9.3.9 | B34: Estonia | C34: [For completion]
A35: S.9.3.10 | B35: Finland | C35: [For completion]
A36: S.9.3.11 | B36: France | C36: [For completion]
A37: S.9.3.12 | B37: Germany | C37: [For completion]
A38: S.9.3.13 | B38: Greece | C38: [For completion]
... A54: S.9.3.29 | B54: United Kingdom | C54: [For completion]
A55: S.9.3.30 | B55: European Economic Area (not member of EU) | C55: =SUM(C56:C58) -> 0
A56: S.9.3.31 | B56: Iceland | C56: [For completion]
A57: S.9.3.32 | B57: Liechtenstein | C57: [For completion]
A58: S.9.3.33 | B58: Norway | C58: [For completion]
A59: S.9.3.34 | B59: Other | C59: =SUM(C60:C69) -> 0
A60: S.9.3.35 | B60: Switzerland | C60: [For completion]
A61: S.9.3.36 | B61: Australia | C61: [For completion]
A62: S.9.3.37 | B62: Brazil | C62: [For completion]
A63: S.9.3.38 | B63: Canada | C63: [For completion]
A64: S.9.3.39 | B64: Japan | C64: [For completion]
A65: S.9.3.40 | B65: Korea | C65: [For completion]
A66: S.9.3.41 | B66: New Zealand | C66: [For completion]
A67: S.9.3.42 | B67: Singapore | C67: [For completion]
A68: S.9.3.43 | B68: US | C68: [For completion]
A69: S.9.3.44 | B69: Other | C69: [For completion]
A70: OS.9.3.1 | B70: o/w [If relevant, please specify]
A71: OS.9.3.2 | B71: o/w [If relevant, please specify]
A72: OS.9.3.3 | B72: o/w [If relevant, please specify]
A73: OS.9.3.4 | B73: o/w [If relevant, please specify]
A74: OS.9.3.5 | B74: o/w [If relevant, please specify]
A75: OS.9.3.6 | B75: o/w [If relevant, please specify]
A76: OS.9.3.7 | B76: o/w [If relevant, please specify]
A77: OS.9.3.8 | B77: o/w [If relevant, please specify]
A78: OS.9.3.9 | B78: o/w [If relevant, please specify]
A79: OS.9.3.10 | B79: o/w [If relevant, please specify]
B80: 4. Breakdown by Interest Rate | C80: % Shipping Loans
A81: S.9.4.1 | B81: Fixed rate | C81: [For completion]
A82: S.9.4.2 | B82: Floating rate | C82: [For completion]
A83: S.9.4.3 | B83: Other | C83: [For completion]
A84: OS.9.4.1
A85: OS.9.4.2
A86: OS.9.4.3
A87: OS.9.4.4
A88: OS.9.4.5
A89: OS.9.4.6
B90: 5. Breakdown by Repayment Type | C90: % Shipping Loans
A91: S.9.5.1 | B91: Bullet / interest only | C91: [For completion]
A92: S.9.5.2 | B92: Amortising | C92: [For completion]
A93: S.9.5.3 | B93: Other | C93: [For completion]
A94: OS.9.5.1 | C94: [For completion]
A95: OS.9.5.2
A96: OS.9.5.3
A97: OS.9.5.4
A98: OS.9.5.5
A99: OS.9.5.6
B100: 6. Loan Seasoning | C100: % Shipping Loans
A101: S.9.6.1 | B101: Up to 12months | C101: [For completion]
A102: S.9.6.2 | B102: ≥ 12 - ≤ 24 months | C102: [For completion]
A103: S.9.6.3 | B103: ≥ 24 - ≤ 36 months | C103: [For completion]
A104: S.9.6.4 | B104: ≥ 36 - ≤ 60 months | C104: [For completion]
A105: S.9.6.5 | B105: ≥ 60 months | C105: [For completion]
A106: OS.9.6.1
A107: OS.9.6.2
A108: OS.9.6.3
A109: OS.9.6.4
B110: 7. Non-Performing Loans (NPLs) | C110: % Shipping Loans
A111: S.9.7.1 | B111: % NPLs | C111: [For completion]
A112: OS.9.7.1
A113: OS.9.7.2
A114: OS.9.7.3
A115: OS.9.7.4
B116: 8. Loan Size Information | C116: Nominal | D116: Number of Loans | F116: % Shipping Loans | G116: % No. of Loans
A117: S.9.8.1 | B117: Average loan size (000s) | C117: [For completion]
B119: By buckets (mn):
...

Sheet C. HTT Harmonised Glossary
A1: C. Harmonised Transparency Template - Glossary
A3: The definitions below reflect the national specificities
A5: Field Number | B5: 1. Glossary - Standard Harmonised Items | C5: [Insert Definition Below]
A6: HG.1.1 | B6: OC Calculation: Actual | C6: G.3.2.1 - Caisse Française de Financement Local presents its nominal over-collateralization which is the ratio between the assets and the resources benefiting from the legal privilege.
A7: HG.1.2 | B7: OC Calculation: Legal minimum | C7: G.3.2.1 - The legal over-collateralization ratio, which is calculated on the basis of regulatory standards governing sociétés de crédit foncier, is the ratio between the assets and the resources benefiting from the legal privilege. This legal minimum threshold is set at 105 %.
A8: HG.1.3 | B8: OC Calculation: Committed | C8: G.3.2.1 - Caisse Française de Financement Local presents the legal minimum threshold set at 105 %. It corresponds to the minimum level which Caisse Française de Financement Local had undertaken to maintain since its creation.
A9: HG.1.4 | B9: Interest Rate Types | C9: PS.8.6.3 - The item "other" are reported the assets with a structured interest rate.
A10: HG.1.5 | B10: Maturity Buckets of Cover assets [i.e. how is the contractual and/or expected maturity defined? What assumptions eg, in terms of prepayments? etc.] | C10: G.3.4 - The assets are reporting according to their contractual maturity, i.e. the term of the loan as defined in the contracts. No assumptions regarding prepayments are taken for Caisse Française de Financement Local.
A11: HG.1.6 | B11: Maturity Buckets of Covered Bonds [i.e. how is the contractual and/or expected maturity defined? What maturity structure (hard bullet, soft bullet, conditional pass through)? Under what conditions/circumstances? Etc.] | C11: G.3.5 - The covered bonds are reporting according to their contractual maturity, i.e. the term of the bonds as defined in the final terms. Caisse Française de Financement Local's covered bonds are all hard bullet.
A12: HG.1.7 | B12: Hedging Strategy (please explain how you address interest rate and currency risk) | C12: G.3.13 - The policy applied by Caisse Française de Financement Local makes it possible to be protected from interest rate risk because any acquisition of assets or issue of liabilities is systematically hedged in a variable rate from the beginning. There are two steps in the hedging process of interest rate risk. • In the first stage, all the assets and the liabilities benefiting from the privilege which do not naturally have a floating rate are hedged against Euribor until maturity as soon as they are recorded on the balance sheet. In practice, acquisitions of loan portfolios (in which the unit amount is generally small) are usually macro-hedged whereas loans granted individually or bond issues are micro-hedged. Hedging of assets is more often obtained in using interest rate swaps, but the same effect may be obtained whenever possible by the cancelation of liability swaps. • In the second step, Euribor lending and borrowing flows (naturally or after hedges) are swapped against Eonia over a sliding period of generally two years in order to eliminate the basis risk generated by differences in the tenor (Euribor 1, 3, 6 or 12 months) and the fixing risk due to refixing dates based on different reference indices in the assets and the liabilities. Non-privileged debt is not concerned by these hedging operations. In fact, debt contracted by Caisse Française de Financement Local with its shareholder to finance over-collateralization is borrowed either directly with a monetary index and does not need to be swapped, or with a Euribor index and thus finances assets also indexed on Euribor. Short term debt owed the Banque de France with a fixed rate (if any) is not hedged, but also finances fixed rate assets. The sensitivity of residual positions that remain after the first step and after the second level of hedges is monitored carefully and kept within strict limits. Limits on interest rate risk guarantee, with 99% probability, a maximum one year loss of less than EUR 80 million in the event of a change in interest rates of 200 basis point (bp), equivalent to a maximum loss set at EUR 40 million (3% of equity) for a fluctuation in interest rates of 100 bp. This calibration is based on a directional shift in rates corresponding to a 1% probability at one-year decile observed over the period 2005-2013, which was approximately 200 bp. A set of three limits makes it possible to have a grasp of the slope risk, as well as the directional risk. These limits control the sensitivity of the fixed rate risk and together guarantee the maximum losses mentioned above.
A13: HG.1.8 | B13: Non-performing loans | C13: PS.8.9.1 - In this item are reported the arrears on non performing loans from the first day when the missing payments were observed.
A14: OHG.1.1 | B14: Covered Bonds - Breakdown by interest rate | C14: G.3.8 - As a result of Caisse Française de Financement Local's hedging strategies (see HG 1.7), some covered bonds swaps have been canceled in order to hedge fixed rate assets. Thus, no interest risk is undertaken.
A15: OHG.1.2 | B15: Liquid Assets | C15: G.3.11 - Liquid assets include cash deposit in central bank.
A16: OHG.1.3 | B16: Substitute Assets - Type | C16: G.3.9 - As of September 30, 2016, the subsitution assets are composed of short term bank bonds for EUR 900 million and bank accounts' balances (multiple countries) representing EUR 18 million. The bonds have a size superior to EUR 100 million. The bank accounts' balances are net positions which do not exceed EUR 10 million as of September 30, 2016. No past dues were observed on the substition assets as of September 30, 2016.
A17: OHG.1.4 | B17: B.2 Public Sector Assets | C17: Exposure on Treasury and replacement assets are not included in this section. As of 9/30/2016, the current account represented EUR 3,501 million and replacement assets EUR 918 million.
B19: 2. Reason for No Data | C19: Value
A20: HG.2.1 | B20: Not applicable for the jurisdiction | C20: ND1
A21: HG.2.2 | B21: Not relevant for the issuer and/or CB programme at the present time | C21: ND2
A22: HG.2.3 | B22: Not available at the present time | C22: ND3
A23: HG.2.1
A24: OHG.2.1
A25: OHG.2.2
B26: 3. Glossary - Extra national and/or Issuer Items | C26: [Insert Definition Below]
A27: HG.3.1 | B27: Other definitions deemed relevant | C27: [For completion]
A28: OHG.3.1
A29: OHG.3.2
A30: OHG.3.3
A31: OHG.3.4
A32: OHG.3.5
B34: 4. Glossary -Additional French Information | C34: [Insert Definition Below]
A35: OHG.4.1 | B35: 1.4 Tier one ratio (%) (group parent company) | C35: By the credit quality of its assets, combined with its high level of regulatory equity, Caisse Française de Financement Local was able to post a Basel III solvency ratio of 24% as of June 30, 2016, compared to a Basel III solvency ratio of 24% as of December 31, 2015.
A36: OHG.4.2 | B36: 2.3 Liabilities of the covered bond issuer | C36: Caisse Française de Financement Local publishes annual and semi-annual accounts. The total Equity are reported as of June 30,2016.
A37: OHG.4.3 | B37: 3.2 Expected maturity structure of cover pool and covered bonds | C37: A 0% prepayment rate assumption is taken on the cover pool assets maturity. Contractual maturities are legal maturities for covered bonds.
A38: OHG.4.4 | B38: 3.3 Contractual maturity structure of cover pool and covered bonds | C38: Contractual maturities are calculated assuming a zero prepayment scenario on the cover pool assets. Expected maturities are next call date for covered bonds.
A39: OHG.4.5 | B39: 4. PUBLIC SECTOR COVER POOL DATA | C39: Exposure on Treasury and replacement assets are not included in this section. As of 9/30/2016, the current account represented EUR 3,501 million and replacement assets EUR 918 million.
A40: OHG.4.6 | B40: 4. PUBLIC SECTOR COVER POOL DATA | C40: As of September 30, 2016, Caisse Française de Financement Local does not hold asset-backed securities and similar structures in its balance sheet. All these securitizations have been sold on the market or to its parent, SFIL in the beginning of July 2013.
A41: OHG.4.7 | B41: 5. COVERED BONDS | C41: Amounts are provided taking into account FX-swaps.

Sheet Additional French information
B1: ADDITIONAL FRENCH INFORMATION
B3: CB ISSUER | C3: CAISSE FRANCAISE DE FINANCEMENT LOCAL
B4: Reporting date | C4: 9/30/2016
A7: 1 | B7: GROUP LEVEL INFORMATION AND SENIOR UNSECURED RATINGS
A10: 1.1 | B10: Group | E10: SFIL
B11: Group parent company | E11: SFIL
B12: Group consolidated financial information (link) | E12: www.sfil.fr
A15: 1.2 | F15: Rating | G15: Rating Watch | H15: Outlook
B16: Senior unsecured rating (group parent company) | E16: Fitch | F16: AA- | G16: - | H16: -
E17: Moody's | F17: Aa3 | G17: - | H17: -
E18: S&P | F18: AA | G18: - | H18: negative
A21: 1.3 | F21: Rating | G21: Rating watch | H21: Outlook
B22: Covered bond issuer rating (senior unsecured) | E22: Fitch | F22: - | G22: - | H22: -
E23: Moody's | F23: - | G23: - | H23: -
E24: S&P | F24: - | G24: - | H24: -
A27: 1.4 | B27: tier 1 ratio (%) (group parent company) | D27: 0.23372873
C28: as of | D28: 6/30/2016
A31: 2 | B31: COVERED BOND ISSUER OVERVIEW
A34: 2.1 | B34: Covered bonds and cover pool
E36: Total | F36: of which eligible
E37: outstanding | F37: to central bank repo-operations
B38: Cover pool | C38: Public sector exposures | E38: 57938.695
C39: Commercial assets
C40: Residential assets
C41: Substitute assets | E41: 918.248
C42: Total | E42: =SUM(E38:E41) -> 58856.943 | F42: =('A. HTT General'!C217+'A. HTT General'!C218)/E42 -> 0.75620006
B44: Covered bonds | E44: 51054.691
A47: 2.2 | B47: Covered bonds ratings
E49: Rating | F49: Rating Watch | G49: Outlook
B50: Covered bonds rating | D50: Fitch | E50: AA | F50: - | G50: stable
D51: Moody's | E51: Aaa | F51: - | G51: -
D52: S&P | E52: AA+ | F52: - | G52: negative
A55: 2.3 | B55: Liabilities of the covered bond issuer
B57: LIABILITIES | E57: Outstanding
B58: Equity | E58: 1438
B59: Subordinated debt | E59: 0
B60: Other non privileged liabilities | E60: 5269.4209
D61: Total equity and non privileged liabilities | E61: =+SUM(E58:E60) -> 6707.4209
B62: Covered bonds | E62: 51054.691
B63: Other privileged liabilities | E63: 1230.724
D64: Total privileged liabilities | E64: =+SUM(E62:E63) -> 52285.415
B65: TOTAL | E65: =+E61+E64 -> 58992.836
A70: 3 | B70: ALM OF THE COVERED BOND ISSUER
A73: 3.1 | B73: WAL (weighted average life) of cover pool and covered bonds
D75: Expected | E75: Contractual | F75: explanations (CPR rate used etc)
B76: Public sector | D76: 7.9026324 | E76: 7.9026324 | F76: -
B77: Residential
B78: Commercial
B79: Substitute assets | D79: 0.2630264 | E79: 0.2630264 | F79: -
C80: WAL of cover pool | D80: 7.7834442 | E80: 7.7834442 | F80: -
C82: WAL of covered bonds | D82: 6.0796293 | E82: 6.4705356
A85: 3.2 | B85: Expected maturity structure of cover pool and covered bonds
D87: 0 - 1 Y (years) | E87: 1 - 2 Y | F87: 2 - 3 Y | G87: 3-4Y | H87: 4 - 5 Y | I87: 5 - 10 Y | J87: 10+ Y
B88: Public sector | D88: 7477.054 | E88: 4365.5843 | F88: 3885.9523 | G88: 3891.6331 | H88: 3682.2082 | I88: 15883.064 | J88: 18753.199
B89: Residential
B90: Commercial
B91: Substitute assets | D91: =E41 -> 918.248 | E91: 0 | F91: 0 | G91: 0 | H91: 0 | I91: 0 | J91: 0
C92: Expected maturity of cover pool | D92: =+D91+D88 -> 8395.302 | E92: =+E91+E88 -> 4365.5843 | F92: =+F91+F88 -> 3885.9523 | G92: =+G91+G88 -> 3891.6331 | H92: =+H91+H88 -> 3682.2082 | I92: =+I91+I88 -> 15883.064 | J92: =+J91+J88 -> 18753.199
C94: Expected maturity of covered bonds | D94: 6.8820376e+09 | E94: 5.8997826e+09 | F94: 4.5148052e+09 | G94: 4.639033e+09 | H94: 4.8044413e+09 | I94: 1.7483283e+10 | J94: 8.0620322e+09
A97: 3.3 | B97: Contractual maturity structure of cover pool and covered bonds
D99: 0 - 1 Y | E99: 1 - 2 Y | F99: 2 - 3 Y | G99: 3-4Y | H99: 4 - 5 Y | I99: 5 - 10 Y | J99: 10+ Y
B100: Public sector | D100: =+D88 -> 7477.054 | E100: =+E88 -> 4365.5843 | F100: =+F88 -> 3885.9523 | G100: =+G88 -> 3891.6331 | H100: =+H88 -> 3682.2082 | I100: =+I88 -> 15883.064 | J100: =+J88 -> 18753.199
B101: Residential
B102: Commercial
B103: Substitute assets | D103: =+D91 -> 918.248 | E103: =+E91 -> 0 | F103: =+F91 -> 0 | G103: =+G91 -> 0 | H103: =+H91 -> 0 | I103: =+I91 -> 0 | J103: =+J91 -> 0
C104: Contractual maturity of cover pool | D104: =+D103+D100 -> 8395.302 | E104: =+E103+E100 -> 4365.5843 | F104: =+F103+F100 -> 3885.9523 | G104: =+G103+G100 -> 3891.6331 | H104: =+H103+H100 -> 3682.2082 | I104: =+I103+I100 -> 15883.064 | J104: =+J103+J100 -> 18753.199
C106: Contractual maturity of cov. bonds | D106: 6.8110376e+09 | E106: 5.6837826e+09 | F106: 4.4143052e+09 | G106: 4.634033e+09 | H106: 4.7794413e+09 | I106: 1.7277283e+10 | J106: 8.6855322e+09
C107: of which hard bullet | D107: =+D106 -> 6.8110376e+09 | E107: =+E106 -> 5.6837826e+09 | F107: =+F106 -> 4.4143052e+09 | G107: =+G106 -> 4.634033e+09 | H107: =+H106 -> 4.7794413e+09 | I107: =+I106 -> 1.7277283e+10 | J107: =+J106 -> 8.6855322e+09
C108: of which soft bullet
A111: 3.4 | B111: Interest rate and currency risks
B113: Interest rate swaps
C114: Outstanding nominal in EUR millions | D114: WAL in years
B115: Internal derivatives | C115: 14014.559 | D115: 10.739764
B116: External derivatives | C116: 70885.669 | D116: 6.7974777
B118: Currency swaps
C120: Outstanding nominal in EUR millions | D120: WAL in years
B121: Internal derivatives | C121: 3783.4655 | D121: 2.4812127
B122: External derivatives | C122: 2820.0905 | D122: 4.4720057
A125: 3.6 | B125: Substitution assets
C127: Outstanding | D127: WAL
B128: AAA to AA-
B129: A+ to A- | C129: 918.248 | D129: 0.2630264
B130: Below A-
B131: Total | C131: =+SUM(C128:C130) -> 918.248 | D131: 0.2630264
A134: 4 | B134: PUBLIC SECTOR COVER POOL DATA
A137: 4.1 | B137: Arrears and defaulted loans outstanding
C139: % of outstanding public sector assets
B140: Current | C140: =SUM(C142:C146) -> 0.0015598524
B141: Arrears
B142: 0-1 months | C142: 5.5780635e-05
B143: 1-2 months | C143: 1.7782505e-05
B144: 2-3 months | C144: 9.6011641e-05
B145: 3-6 months | C145: 0.00010391414
B146: Defaulted (6+) | C146: 0.0012863635
A149: 5.2 | B149: Geographical distribution and type of Claim
D151: Exposures to or garanteed by Supranational Institution | E151: Exposures to Sovereigns | F151: Exposures guaranteed by Sovereigns | G151: Exposures garanteed by ECA | H151: Exposures to regions / departments / federal states | I151: Exposures garanteed by regions / departments / federal states | J151: Exposures to municipalities | K151: Exposures garanteed by municipalities | L151: Other direct public exposures | M151: Other indirect public exposures | N151: Total
B152: EUROPE | C152: France | D152: ='[2]expo publiques 1'!$I$74 -> 31924 | F152: ='[2]expo publiques 1'!$I$6 -> 185260 | H152: ='[2]expo publiques 1'!$C$9+'[2]expo publiques 1'!$C$8+'[2]expo publiques 1'!$D$8 -> 8560400 | I152: ='[2]expo publiques 1'!$F$8+'[2]expo publiques 1'!$F$9 -> 479885 | J152: =SUM('[2]expo publiques 1'!$C$10:$D$11) -> 27138278 | K152: =SUM('[2]expo publiques 1'!$F$10:$F$11) -> 681446 | L152: =SUM('[2]expo publiques 1'!$C$13:$D$15) -> 8685692 | M152: ='[2]expo publiques 1'!$F$15 -> 1449 | N152: =SUM(D152:M152) -> 45764334
C153: Germany | H153: ='[2]expo publiques 1'!$D$18 -> 514974 | I153: 0 | N153: =SUM(D153:M153) -> 514974
C154: Austria | I154: ='[2]expo publiques 1'!$I$21 -> 191575 | N154: =SUM(D154:M154) -> 191575
C155: Belgium | H155: ='[2]expo publiques 1'!$C$24 -> 13298 | I155: ='[2]expo publiques 1'!$F$24 -> 34849 | J155: ='[2]expo publiques 1'!$D$25 -> 50000 | L155: 60247 | N155: =SUM(D155:M155) -> 158394
...

Sheet Disclaimer
A1: Disclaimer - Important notices
A4: (i) The Product Information displayed on this Site has been uploaded by the Issuers of the relevant Products. None of the information displayed on this Site shall form the basis of any contract. Any User of this Site will be required to acknowledge that it has not relied on, or been induced to enter into any contract by, any representation or warranty.
A5: (ii) The Covered Bond Label Foundation has not independently verified the Product Information displayed on this Site. Accordingly, no representation, warranty or undertaking, express or implied, is made, and no responsibility is accepted, by the Covered Bond Label Foundation as to or in relation to the accuracy or completeness or otherwise of such Product Information."
A6: (iii) The information provided on or accessible through the Site is not intended for distribution to, or use by, any person or entity in any jurisdiction where such distribution or use would be contrary to local law, or which would subject us or any Issuer, to any authorisation, registration or other requirement within such jurisdiction. You agree not to use or export the information or materials available on or through this Site in violation of laws in your jurisdiction.
A8: TERMS OF USE
A9: This website www.coveredbondlabel.com (the "Site") is owned and operated by the Covered Bond Label Foundation (the Covered Bond Label Foundation together with its affiliates, "we" or "us") a Private Foundation (fondation privée / private stichting) registered in Belgium; whose registered office is at Rue de la Science 14 - 1040 Brussels - Belgium and registered under number 500.950.659 (RPR/RPM Brussels).
A10: The Site is intended for use as a directory of information relating to certain covered bond products ("Products") (the "Product Information") by an issuer of ("Issuer"), or potential investor in ("Investor"), such Products (an Issuer, Investor, or any other person accessing this Site, each a "User" or "you"). The Product Information is provided by each relevant Issuer, and remains at all times the sole responsibility of the relevant Issuer. We have not independently verified any Product Information, nor reviewed whether any Product for which information is available on the Site actually is a covered bond product. This Site or any label made available through it does not constitute, nor contain, any form of credit rating, any offer to sell (or the solicitation of an offer to purchase) any Product, nor does it constitute a recommendation, or investment advice (or any other type of advice) upon which reliance should be placed.
A11: These terms and conditions together with the documents referred to in them set out the terms of use ("T&Cs") on which (a) an Issuer; (b) Investor; or (c) any other User, may make use of the Site. Section A applies primarily to Investors, and Section B applies primarily to Issuers. The General T&Cs in Section C apply to all Users.
A12: Our Acceptable Use Policy and Privacy Policy are incorporated into these T&Cs.
A13: Please read the T&Cs carefully before you start to use the Site. By clicking 'Accept' you indicate that you accept these T&Cs and that you agree to abide by them.
A14: If any provision of these T&Cs shall be deemed unlawful, void or for any reason unenforceable, then that provision shall be deemed severable from these terms and shall not affect the validity and enforceability of any remaining provisions.
A16: SECTION A. INVESTOR T&Cs
... A169: If you have any questions about this policy, the collection and use of your personal information or other privacy-specific concerns please contact us by clicking on Contact Us .

Sheet E.g. General

Sheet E.g. Other
